Map: Blackrock LE

Players

Halo - Winner!

  • Race: Zerg Zerg

A.I. 1 (Harder)

  • Race: Protoss Protoss

VOD

Have the link to the VOD?

Description

Time

  • Played on: Aug. 4, 2026, 11:48 p.m.
  • Length: 12:28
Show
View Real Time Build Order
Export as new Build Order

Halo Zerg - Winner!

Build Orders: Hatch First 

Get SALT Encoding   

  8  0:02  Drone  
  9  0:11  Drone  
  10  0:16  Drone  
  11  0:22  Drone  
  12  0:29  Extractor  
  12  0:30  Drone  
  13  0:39  Overlord  
  13  0:58  Drone x2  
  15  1:14  Hatchery  
  15  1:17  Drone  
  15  1:21  Drone  
  16  1:37  Extractor  
  16  1:39  Spawning Pool  
  14  1:41  Drone  
  14  1:45  Drone  
  16  1:49  Drone  
  16  1:53  Drone  
  18  2:01  Drone  
  19  2:11  Overlord  
  19  2:22  Drone  
  20  2:31  Queen  
  20  2:32  Queen  
  20  2:37  Zergling x2  
  25  2:38  Zergling x2  
  25  2:41  Drone  
  27  2:44  Drone  
  27  2:50  Overlord  
  28  3:06  Drone x4  
  32  3:21  Hatchery  
  31  3:30  Overlord  
  31  3:41  Overlord  
  31  3:45  Drone x6  
  31  3:47  Drone  
  38  3:49  Drone  
  39  4:03  Queen  
  39  4:05  Queen  
  39  4:08  Drone  
  44  4:10  Drone  
  44  4:13  Drone x2  
  44  4:15  Drone  
  48  4:17  Drone  
  48  4:20  Extractor  
  48  4:24  Baneling Nest  
  48  4:25  Zergling x2  
  48  4:27  Zergling x4  
  48  4:29  Zergling x2  
  48  4:30  Zergling x2  
  52  4:32  Zergling x2  
  52  4:36  Metabolic Boost  
  53  4:48  Drone  
  53  4:50  Drone x6  
  60  4:53  Overlord  
  60  4:54  Overlord  
  60  4:57  Overlord  
  59  5:20  Zergling x18  
  67  5:33  Zergling x2  
  67  5:34  Zergling x4  
  66  5:48  Zergling x2  
  66  5:49  Zergling x4  
  60  6:10  Drone x10  
  70  6:18  Overlord  
  70  6:20  Overlord x2  
  70  6:29  Queen  
  70  6:31  Queen  
  74  6:33  Overlord x2  
  74  6:40  Lair  
  74  6:44  Drone x2  
  74  6:45  Evolution Chamber  
  74  6:46  Evolution Chamber, Zergling x2  
  77  6:47  Zergling x12  
  81  7:36  Overlord x3  
  81  7:37  Zergling x2  
  81  7:38  Zergling x28  
  81  7:42  Zerg Melee Weapons Level 1, Zerg Ground Armor Level 1  
  81  7:43  Centrifugal Hooks  
  96  7:44  Zergling x8  
  100  8:37  Hatchery  
  99  8:42  Zergling x10  
  99  8:43  Zergling x38  
  99  8:45  Baneling x9  
  99  8:46  Baneling x17  
  123  8:48  Hatchery  
  122  8:56  Zergling x2  
  122  8:57  Zergling x8  
  125  9:26  Zergling x16  
  125  9:27  Zergling x10  
  127  9:33  Overlord x3  
  127  10:03  Zergling x10  
  127  10:04  Zergling x14  
  139  10:09  Baneling x9  
  139  10:19  Extractor  
  138  10:23  Drone x12  
  150  10:29  Queen  
  152  10:37  Overlord x2  
  152  10:38  Overlord  
  152  10:39  Zergling x18  
  161  10:59  Hatchery  
  160  11:19  Zergling x2  
  160  11:20  Zergling x30  
  159  11:42  Zergling x2  
  159  11:43  Zergling x18  
  159  11:46  Baneling x14  
  169  11:47  Baneling x2  
  169  11:56  Zergling x10  
Show
View Real Time Build Order
Export as new Build Order

A.I. 1 (Harder) Protoss 

Build Orders:  

Get SALT Encoding   

  8  0:00  Probe  
  9  0:13  Probe  
  10  0:25  Probe  
  11  0:37  Probe  
  12  0:48  Pylon  
  12  0:49  Probe  
  13  1:02  Probe  
  13  1:09  Gateway  
  13  1:10  Probe  
  14  1:18  Assimilator  
  15  1:19  Probe  
  16  1:31  Pylon, Probe  
  17  1:43  Probe  
  18  1:55  Probe  
  18  1:57  Zealot  
  18  1:58  Cybernetics Core  
  21  2:05  Probe  
  21  2:08  Pylon  
  22  2:22  Gateway  
  22  2:26  Assimilator  
  22  2:36  Stalker  
  24  2:47  Warp Gate  
  24  3:01  Stalker  
  24  3:03  Stalker  
  26  3:06  Pylon  
  28  3:27  Stalker  
  28  3:32  Zealot  
  32  3:35  Probe  
  33  3:44  Pylon  
  33  3:47  Probe  
  34  3:49  Adept  
  36  3:59  Stalker, Probe  
  39  4:07  Forge  
  39  4:12  Probe  
  40  4:24  Probe  
  43  4:32  Adept  
  43  4:36  Probe  
  44  4:48  Probe  
  44  4:49  Protoss Ground Weapons Level 1  
  44  4:50  Sentry  
  44  4:52  Gateway  
  47  4:57  Pylon  
  47  4:58  Zealot  
  49  5:12  Stalker  
  51  5:19  Twilight Council  
  51  5:32  Stalker  
  53  5:46  Stalker  
  53  5:49  Pylon  
  55  5:54  Zealot  
  55  5:55  Blink  
  47  6:01  Zealot  
  43  6:09  Stalker  
  45  6:17  Stalker  
  47  6:25  Stalker  
  49  6:33  Stalker  
  49  6:36  Protoss Ground Armor Level 1  
  51  6:42  Nexus  
  51  6:54  Stalker  
  52  7:02  Sentry  
  54  7:10  Robotics Facility  
  54  7:14  Adept  
  56  7:26  Photon Cannon  
  56  7:35  Photon Cannon  
  56  7:54  Probe x2  
  56  7:55  Forge  
  58  7:58  Observer  
  59  8:05  Pylon  
  59  8:06  Probe  
  59  8:07  Probe  
  61  8:15  Pylon  
  61  8:16  Observer  
  61  8:18  Probe  
  61  8:19  Probe  
  64  8:29  Stargate  
  64  8:30  Probe  
  64  8:31  Probe  
  66  8:40  Photon Cannon  
  66  8:43  Probe  
  66  8:45  Probe  
  68  8:49  Photon Cannon  
  68  8:52  Gateway  
  68  9:07  Nexus  
  68  9:17  Robotics Facility  
  68  9:21  Stargate  
  68  9:22  Adept  
  70  9:30  Adept  
  42  9:38  Adept  
  42  9:43  Assimilator  
  44  9:46  Stalker  
  44  9:50  Gateway  
  46  9:54  Zealot  
  48  10:01  Warp Prism  
  48  10:02  Stalker  
  52  10:12  Stargate  
  52  10:17  Warp Prism  
  54  10:34  Warp Prism, Zealot  
  56  10:42  Adept  
  60  10:50  Adept  
  60  10:52  Observer  
  63  10:58  Adept  
  65  11:05  Stalker  
  67  11:13  Stalker  
  67  11:14  Assimilator  
  69  11:21  Sentry  
  69  11:22  Assimilator  
  71  11:29  Void Ray  
  71  11:32  Stalker  
  72  11:38  Stalker  
  48  11:41  Assimilator  
  48  11:46  Immortal  
  48  11:47  Stalker  
Tags
 
Add a new tag
Caveats
  • Supply blocks, unpowered buildings, or Contaminate may cause inaccurate times.
  • Supply counts are checked every 10 seconds.